Map: New Repugnancy LE

Players

Khalmanac - Winner!

  • Race: Terran Terran
  • League: Diamond
  • Spawn Location: 7:00

tbobaggins

  • Race: Zerg Zerg
  • League: Diamond
  • Spawn Location: 1:00

VOD

Have the link to the VOD?

Description

Goofy game between Khalmanac and Tbobaggins

Time

  • Played on: March 16, 2019, 3:58 p.m.
  • Length: 25:41
Show
View Real Time Build Order
Export as new Build Order

Khalmanac Terran - Winner!

Build Orders:  

Get SALT Encoding   

  12  0:00  SCV  
  13  0:12  SCV  
  14  0:20  Supply Depot  
  14  0:24  SCV  
  15  0:41  SCV  
  16  0:43  Barracks  
  16  0:45  Refinery  
  16  0:53  SCV  
  17  1:05  SCV  
  18  1:17  SCV  
  19  1:29  SCV  
  19  1:30  Marine  
  21  1:42  Orbital Command  
  21  1:47  Command Center  
  21  1:49  Barracks Reactor  
  21  2:03  Supply Depot  
  21  2:08  SCV  
  22  2:15  Factory  
  22  2:20  SCV  
  23  2:26  Marine x2  
  25  2:32  SCV  
  25  2:33  Refinery  
  26  2:44  SCV  
  27  2:56  SCV  
  28  3:01  Orbital Command  
  28  3:05  Bunker  
  28  3:07  Hellion x2  
  28  3:08  Barracks Tech Lab, SCV  
  33  3:19  Supply Depot  
  33  3:20  SCV  
  34  3:29  SCV  
  34  3:31  Hellion  
  34  3:32  Hellion  
  34  3:33  SCV  
  40  3:45  SCV  
  40  3:48  SCV  
  42  3:57  SCV  
  42  4:00  SCV  
  44  4:09  SCV  
  45  4:11  Engineering Bay  
  45  4:12  SCV, Widow Mine x2, Marine  
  45  4:13  Stimpack  
  51  4:17  Supply Depot  
  51  4:18  Supply Depot  
  51  4:21  SCV, Barracks  
  52  4:24  SCV  
  53  4:33  SCV  
  54  4:39  SCV  
  54  4:45  SCV  
  56  4:48  Terran Infantry Weapons Level 1  
  56  4:51  SCV  
  57  4:57  SCV, Widow Mine  
  57  4:58  Marauder, Widow Mine  
  64  5:02  Command Center  
  64  5:03  SCV  
  65  5:09  SCV  
  65  5:10  Barracks x2  
  66  5:15  SCV  
  66  5:17  Supply Depot  
  67  5:21  Refinery, SCV  
  67  5:22  Refinery  
  67  5:23  Widow Mine  
  67  5:24  Barracks Reactor  
  70  5:29  Marine  
  70  5:34  Supply Depot  
  71  5:41  SCV  
  71  5:42  SCV  
  73  5:45  Widow Mine x2  
  73  5:47  Marine  
  78  5:57  Barracks  
  70  6:05  SCV x2, Marine  
  70  6:07  Widow Mine x2  
  70  6:10  Barracks Reactor x2  
  77  6:12  Factory  
  77  6:15  Marine  
  77  6:16  Marine  
  77  6:17  SCV x2  
  81  6:23  Marine  
  81  6:24  Armory  
  82  6:29  SCV x2  
  84  6:33  Sensor Tower, Marine x2  
  84  6:35  Widow Mine x2  
  84  6:37  Combat Shield  
  90  6:41  SCV x2, Marine  
  93  6:51  Marine x2  
  93  6:53  SCV  
  96  6:58  Marine  
  92  7:11  Orbital Command  
  92  7:12  SCV x2  
  94  7:17  Marine  
  94  7:18  Marine x4  
  94  7:19  Marauder, Marine  
  94  7:21  Barracks Tech Lab  
  102  7:24  SCV x2  
  102  7:26  Supply Depot  
  102  7:28  Supply Depot  
  104  7:35  Marine x2  
  104  7:36  SCV x2, Marine  
  109  7:41  Sensor Tower, Terran Infantry Armor Level 1  
  109  7:44  Factory Tech Lab  
  109  7:48  Marauder, Supply Depot  
  109  7:49  SCV x3, Supply Depot  
  114  7:52  Marine x4  
  114  7:56  Concussive Shells  
  118  7:59  Marine x2  
  120  8:09  Marauder  
  120  8:10  Supply Depot  
  120  8:11  Marauder  
  124  8:24  Refinery  
  124  8:26  Marine x2  
  124  8:27  Marine x4  
  126  8:28  Command Center  
  126  8:31  Marauder  
  126  8:32  Marauder  
  134  8:34  Starport  
  134  8:36  Starport  
  132  8:43  Drilling Claws  
  132  8:44  Marine x2  
  132  8:45  Marine  
  132  8:46  Marine x2  
  137  8:51  Widow Mine x3  
  137  8:52  Marauder  
  137  8:53  Marauder  
  147  9:02  Engineering Bay  
  147  9:04  Terran Ship Weapons Level 1  
  147  9:06  Marine x2  
  149  9:13  Refinery  
  149  9:16  Supply Depot  
  149  9:37  SCV x3, Marine x5  
  157  9:39  Supply Depot  
  157  9:40  Marauder x2, Widow Mine x2, Marine  
  166  9:47  Starport Reactor, Starport Tech Lab  
  166  9:49  SCV, Supply Depot  
  166  9:51  Supply Depot  
  167  9:55  Marine x5  
  172  10:00  Marine  
  172  10:02  Marauder x2, Supply Depot  
  177  10:12  Marine  
  175  10:23  Marauder x2  
  175  10:26  Marine  
  175  10:27  Marine x4  
  124  10:30  Marine  
  119  10:44  Marauder x2, Widow Mine x3, Marine x2  
  119  10:45  Marine x3  
  119  10:48  Raven, Marine  
  119  10:49  Medivac x2  
  141  10:51  SCV  
  141  10:52  Supply Depot  
  142  10:57  Planetary Fortress  
  142  10:58  SCV x2  
  142  11:02  Marine x3  
  142  11:03  SCV, Marine x2  
  150  11:05  Marine  
  150  11:06  Marauder, Widow Mine x3, Marine  
  150  11:10  SCV  
  158  11:19  Medivac x2  
  158  11:20  Marine x2  
  158  11:21  Terran Infantry Weapons Level 2  
  158  11:22  Terran Infantry Armor Level 2  
  158  11:23  Terran Ship Weapons Level 2  
  158  11:24  Marauder  
  166  11:29  Marine  
  166  11:31  Medivac, Widow Mine x3, Marine x3  
  166  11:32  Marine  
  179  11:38  Marine x2  
  181  11:45  Ghost Academy  
  181  11:49  Medivac x2  
  181  11:51  Refinery x2  
  181  11:52  Marauder, Widow Mine, Marine x4  
  181  11:53  Marauder  
  181  11:54  Command Center  
  195  11:56  Marine x2  
  195  11:57  Widow Mine  
  199  12:09  Marine  
  199  12:14  Supply Depot  
  197  12:37  Supply Depot  
  197  12:38  SCV x2  
  199  12:49  Marine  
  141  13:45  Marine x4  
  132  13:52  Liberator x2  
  120  13:56  Orbital Command  
  120  13:57  Marine x3  
  120  13:58  Marauder  
  120  14:02  Siege Tank  
  126  14:03  Marine  
  126  14:08  Raven  
  126  14:14  Marine x3  
  126  14:15  Marine x2  
  126  14:16  Marauder  
  131  14:20  Marauder, Marine  
  131  14:21  Widow Mine x2  
  131  14:23  SCV x2  
  140  14:24  SCV x2  
  142  14:34  Siege Tank  
  142  14:35  Fusion Core, Liberator x2, SCV  
  142  14:37  Marauder  
  148  14:42  Widow Mine x2  
  148  14:43  SCV x2  
  148  14:45  Refinery  
  160  14:57  Command Center  
  160  15:01  Marauder, Marine x4  
  160  15:02  Marine  
  160  15:06  Siege Tank  
  170  15:11  Starport  
  170  15:13  Orbital Command  
  170  15:14  Terran Infantry Weapons Level 3  
  170  15:15  Terran Infantry Armor Level 3  
  170  15:19  Marine x4  
  170  15:20  Marauder, Marine  
  177  15:23  Marauder  
  179  15:38  Siege Tank  
  179  15:41  Marauder  
  184  15:48  Advanced Ballistics  
  184  15:49  Battlecruiser  
  190  15:50  Starport Tech Lab  
  190  15:57  Weapon Refit  
  190  15:58  Terran Ship Weapons Level 3  
  190  16:02  Armory  
  190  16:09  Battlecruiser  
  190  16:10  Battlecruiser  
  198  16:41  Refinery  
  198  16:43  Refinery  
  198  16:47  Sensor Tower  
  198  16:53  Terran Vehicle And Ship Armor Level 1  
  116  17:46  Battlecruiser x3  
  125  17:52  Marauder, Marine x4  
  131  18:08  Planetary Fortress  
  131  18:13  Marauder  
  133  18:26  Neosteel Armor  
  133  18:35  Refinery, Marauder  
  133  18:39  Refinery  
  135  18:51  Battlecruiser x3  
  153  18:56  Marauder  
  153  19:01  Marine  
  153  19:02  Marine x6  
  159  19:18  Marauder  
  159  19:23  Marine x4  
  159  19:24  Marine x2  
  162  19:39  Marauder  
  153  19:50  Marine x2  
  153  19:51  Marine  
  146  19:55  Battlecruiser x3  
  162  20:02  Supply Depot  
  148  20:22  Marine  
  148  20:23  Marine x8  
  148  20:40  Marine  
  148  20:41  Marine x4  
  153  20:59  Battlecruiser x3  
  94  21:55  Marine  
  94  21:58  Marine  
  94  21:59  Marauder  
  94  22:01  Siege Tank  
  97  22:03  Battlecruiser x2  
  108  22:21  Marauder  
  109  22:38  Marine  
  109  22:42  Marauder  
  109  22:43  SCV  
  113  22:55  SCV  
  110  23:03  Marauder  
  112  23:07  SCV  
  113  23:19  SCV  
  112  23:25  Marauder  
  114  23:46  Marauder  
Show
View Real Time Build Order
Export as new Build Order

tbobaggins Zerg 

Build Orders: Hatch First, Swarm Host 

Get SALT Encoding   

  12  0:01  Drone  
  13  0:13  Overlord  
  13  0:17  Drone  
  14  0:31  Drone x2  
  16  0:51  Hatchery  
  16  0:53  Drone  
  17  0:57  Drone  
  17  1:08  Extractor  
  16  1:14  Spawning Pool  
  16  1:17  Drone  
  16  1:21  Drone  
  17  1:25  Drone  
  18  1:32  Overlord  
  18  1:40  Drone  
  19  2:01  Queen  
  19  2:02  Zergling x4  
  23  2:08  Queen  
  25  2:30  Hatchery  
  25  2:31  Drone  
  25  2:36  Zergling x2  
  26  2:40  Metabolic Boost  
  26  2:50  Drone  
  26  2:51  Drone x2  
  29  3:06  Drone x3  
  29  3:07  Drone  
  29  3:09  Overlord  
  33  3:19  Queen  
  35  3:21  Drone  
  36  3:28  Drone x2  
  36  3:29  Drone  
  39  3:44  Drone x3  
  39  3:45  Overlord x3, Drone  
  43  3:59  Lair  
  43  4:00  Hatchery  
  42  4:04  Zergling x4  
  44  4:22  Baneling Nest  
  44  4:23  Extractor  
  42  4:35  Drone x3  
  42  4:36  Overlord x3  
  45  4:41  Queen  
  45  4:43  Zergling x6  
  49  5:01  Hydralisk Den  
  48  5:09  Queen  
  48  5:11  Queen  
  48  5:13  Drone x3  
  48  5:14  Drone  
  56  5:16  Drone x3  
  56  5:17  Extractor  
  58  5:24  Centrifical Hooks  
  58  5:27  Zergling x8  
  62  5:47  Muscular Augments, Drone x3  
  62  5:49  Spore Crawler  
  64  6:02  Spore Crawler  
  62  6:06  Drone  
  62  6:07  Drone x7  
  62  6:11  Queen  
  70  6:16  Infestation Pit  
  71  6:24  Overlord x4  
  71  6:29  Drone x3  
  71  6:31  Evolution Chamber  
  71  6:32  Spore Crawler, Evolution Chamber  
  72  6:36  Overseer  
  71  6:43  Hydralisk x3  
  71  6:44  Hydralisk x3  
  78  7:12  Pneumatized Carapace  
  78  7:13  Overseer x2  
  78  7:16  Zerg Melee Weapons Level 1  
  78  7:17  Zerg Ground Armor Level 1  
  78  7:39  Baneling x8  
  78  7:40  Zergling x8  
  78  7:41  Zergling x12  
  78  7:43  Drone  
  90  7:44  Drone x7  
  96  7:54  Extractor  
  96  7:55  Extractor  
  94  8:02  Hatchery  
  93  8:07  Extractor  
  93  8:08  Spire  
  91  8:14  Drone x9  
  100  8:24  Overseer  
  96  8:47  Hive  
  96  8:53  Swarm Host x6  
  114  9:05  Drone  
  114  9:06  Drone  
  114  9:07  Overlord x5  
  114  9:08  Overlord  
  116  9:20  Queen  
  118  9:40  Zerg Ground Armor Level 2, Zerg Melee Weapons Level 2  
  118  9:45  Overseer  
  118  9:46  Overseer x3  
  118  9:50  Zergling x30  
  118  9:51  Zergling x10  
  138  9:58  Baneling  
  138  9:59  Baneling x6  
  132  10:26  Hydralisk x6  
  132  10:27  Hydralisk x2  
  123  10:29  Zergling x2  
  120  10:46  Extractor  
  120  10:47  Extractor  
  118  10:50  Ultralisk Cavern  
  118  10:54  Adrenal Glands  
  118  10:56  Zergling x14  
  124  11:00  Hatchery  
  121  11:41  Baneling x10  
  121  11:42  Baneling x4  
  121  11:47  Anabolic Synthesis  
  121  12:06  Drone x8  
  121  12:07  Drone x9  
  138  12:11  Zergling x2  
  138  12:12  Zergling x4  
  139  12:30  Ultralisk x3  
  139  12:32  Zergling x20  
  144  12:49  Baneling x5  
  135  13:09  Zerg Melee Weapons Level 3, Zerg Ground Armor Level 3  
  135  13:15  Zergling x14  
  135  13:16  Zergling x10  
  142  13:29  Zergling x4  
  142  13:30  Zergling x10  
  139  13:38  Zergling x6  
  117  13:49  Hatchery  
  102  14:08  Zergling x2  
  102  14:09  Zergling x14  
  109  14:10  Hatchery  
  109  14:15  Drone  
  109  14:16  Drone x7  
  116  14:23  Extractor  
  115  14:32  Extractor  
  115  14:34  Baneling x6, Extractor  
  115  14:35  Baneling x3  
  113  14:44  Ultralisk Cavern  
  112  14:49  Overlord x3  
  112  14:50  Overlord x2  
  112  14:57  Extractor, Drone  
  112  14:58  Extractor, Drone x2  
  112  14:59  Drone x3  
  116  15:01  Queen  
  116  15:02  Queen  
  116  15:06  Spore Crawler  
  119  15:10  Spine Crawler  
  118  15:19  Grooved Spines  
  118  15:23  Queen  
  120  15:33  Ultralisk  
  120  15:34  Ultralisk x6  
  120  15:35  Ultralisk  
  168  15:42  Overseer x4  
  168  15:48  Queen  
  170  16:20  Ultralisk x3  
  170  16:21  Ultralisk  
  194  16:28  Overlord  
  190  16:54  Zergling x2  
  190  16:55  Zergling x18, Hatchery  
  193  17:15  Corruptor x2  
  187  17:16  Corruptor x4  
  164  17:31  Ultralisk x2  
  164  17:32  Ultralisk x3  
  147  17:54  Corruptor x6  
  141  18:07  Drone x10  
  151  18:24  Zerg Flyer Armor Level 1  
  151  18:26  Zerg Missile Weapons Level 1  
  151  18:28  Hydralisk  
  151  18:29  Hydralisk x3  
  151  18:30  Extractor  
  158  18:54  Spore Crawler x2  
  156  18:56  Hydralisk x8  
  172  19:15  Corruptor  
  172  19:16  Corruptor x3  
  168  19:40  Hydralisk  
  168  19:41  Hydralisk x8  
  172  20:02  Zergling x2  
  172  20:03  Zergling x18  
  180  20:13  Overlord x5  
  178  20:23  Overlord  
  178  20:38  Hatchery  
  177  20:45  Corruptor x3  
  177  20:46  Corruptor x2  
  162  21:12  Hydralisk  
  162  21:13  Hydralisk x7  
  158  21:22  Corruptor  
  158  21:23  Corruptor  
  112  21:51  Hydralisk x6  
  112  21:52  Hydralisk x2  
  119  22:13  Spawning Pool  
  113  22:33  Lair  
  113  22:35  Hatchery  
  109  22:59  Hydralisk  
  109  23:00  Hydralisk x4  
  91  23:29  Hydralisk  
  91  23:30  Hydralisk x10  
  81  24:33  Hydralisk x7  
  79  24:45  Hatchery  
  79  24:46  Spore Crawler  
  79  24:47  Spore Crawler  
Tags
 
Add a new tag
Caveats
  • Supply blocks, unpowered buildings, or Contaminate may cause inaccurate times.
  • Supply counts are checked every 10 seconds.